Avalanche vs Sharks
Created - June 4, 2022 at 21:05
Goals
|
| Avalanche |
1 |
2 |
2 |
5 |
| Sharks |
2 |
0 |
1 |
3 |
|
Shots
|
| Avalanche |
6 |
10 |
15 |
31 |
| Sharks |
16 |
7 |
9 |
32 |
|
1st period
1. Sharks , Wayne Simmonds 12 (Ronalds Kenins 13, Boone Jenner 16) at 7:41
2. Avalanche , Pavel Buchnevich 14 (Joel Edmundson 7) at 11:52
3. Sharks , Oskar Osala 7 (Ben Lovejoy 7, Jiri Tlusty 3) at 17:43
Penalties :
Mattias Ekholm (Col) for Hooking (Minor) at 7:55, Colten Teubert (Col) for Interference (Minor) at 18:58
2nd period
4. Avalanche , Joel Edmundson 1 (Martin Samuelsson 15, Luke Witkowski 17) at 13:36
5. Avalanche , James Van Riemsdyk 18 (Charlie Coyle 33, Erik Karlsson 30) at 14:21 (PP)
Penalties :
Evgeny Dadonov (Col) for Hooking (Minor) at 5:34, Mike Lundin (S.J) for Hooking (Minor) at 13:45, Gustav Nyquist (S.J) for High sticking (Minor) at 15:45
3rd period
6. Avalanche , Bryan Little 33 (Mikkel Boedker 63) at 0:22
7. Sharks , Brandon Dubinsky 23 (Ben Smith 37, David Booth 11) at 1:52
8. Avalanche , Ilya Kovalchuk 21 (Marc Staal 13, Bryan Little 52) at 18:51
Penalties :
Mike Lundin (S.J) for Hooking (Minor) at 2:15, Ronalds Kenins (S.J) for Hooking (Minor) at 6:02, Brandon Gormley (S.J) for Holding (Minor) at 12:49
Goalie Stats
Cam Ward (Col), 29 saves from 32 shots - (0.906), W, 27-17-3, 60:00 minutes
Anders Lindback (S.J), 12 saves from 13 shots - (0.923), 19:38 minutes
Philipp Grubauer (S.J), 14 saves from 18 shots - (0.778), L, 28-24-9, 40:22 minutes
Players Stats for Avalanche
Player Name G A P +/- PIM S H SB GA TA FO MP PP MP PK MP
------------------------------------------------------------------------------------
Bryan Little 1 1 2 1 0 7 1 0 0 0 19/26 18:35 4:45 0:00
Charlie Coyle 0 1 1 -1 0 1 3 2 1 0 6/18 19:01 3:47 3:55
Colten Teubert 0 0 0 1 2 0 1 2 0 1 0/0 19:51 3:04 1:07
Erik Karlsson 0 1 1 0 0 2 0 0 0 0 0/0 19:38 5:28 0:00
Evgeny Dadonov 0 0 0 -1 2 1 1 0 0 0 1/2 14:55 3:47 0:00
Ilya Kovalchuk 1 0 1 1 0 4 1 0 0 1 0/0 18:31 4:41 0:00
Jack Johnson 0 0 0 0 0 3 0 1 0 1 0/0 26:43 5:28 4:21
James Van Riemsdyk 1 0 1 -1 0 1 1 0 1 0 1/1 15:01 3:47 0:05
Joel Edmundson 1 1 2 1 0 1 1 1 1 1 0/0 14:53 0:00 1:40
Kyle Turris 0 0 0 1 0 1 2 0 0 0 4/8 10:57 0:00 1:47
Luke Witkowski 0 1 1 1 0 1 1 0 0 1 0/0 12:52 0:04 4:02
Marc Staal 0 1 1 0 0 2 1 1 0 1 0/0 19:31 0:00 3:41
Martin Samuelsson 0 1 1 1 0 0 1 0 0 0 0/0 10:57 0:00 1:47
Mattias Ekholm 0 0 0 0 2 0 1 3 0 0 0/0 20:06 3:04 1:05
Mikkel Boedker 0 1 1 1 0 1 1 0 0 0 0/0 18:35 4:45 0:00
Pavel Buchnevich 1 0 1 0 0 3 2 0 3 0 0/0 11:12 0:00 0:00
Tomas Fleischmann 0 0 0 0 0 3 2 0 1 0 1/1 11:12 0:00 0:00
Vincent Trocheck 0 0 0 0 0 0 4 0 0 0 5/8 11:30 0:00 0:18
Players Stats for Sharks
Player Name G A P +/- PIM S H SB GA TA FO MP PP MP PK MP
------------------------------------------------------------------------------------
Ben Lovejoy 0 1 1 1 0 0 0 0 0 0 0/0 19:56 0:00 3:41
Ben Smith 0 1 1 -1 0 4 0 0 1 0 3/8 23:17 3:27 4:50
Bobby Butler 0 0 0 0 0 0 0 0 0 1 0/0 6:32 0:00 0:00
Boone Jenner 0 1 1 0 0 1 0 0 0 0 3/6 13:46 0:00 2:48
Brandon Dubinsky 1 0 1 -1 0 2 2 0 0 0 12/31 19:04 3:27 0:10
Brandon Gormley 0 0 0 1 2 2 1 2 2 1 0/0 19:56 1:44 2:31
David Booth 0 1 1 -1 0 1 1 1 1 0 2/3 20:33 3:27 2:05
Gustav Nyquist 0 0 0 0 2 2 1 0 0 0 0/1 8:40 0:00 1:39
Jiri Tlusty 0 1 1 0 0 1 0 0 0 0 1/1 12:16 0:00 0:18
Karl Alzner 0 0 0 -1 0 1 2 0 0 1 0/0 15:27 1:44 2:23
Luke Adam 0 0 0 0 0 0 0 0 0 0 2/3 6:32 0:00 0:00
Mike Lundin 0 0 0 -1 4 3 0 0 1 0 0/0 26:49 4:13 3:18
Oscar Sundqvist 0 0 0 0 0 0 1 1 0 0 3/10 15:02 2:30 0:00
Oskar Osala 1 0 1 0 0 5 3 0 1 0 0/0 11:58 0:00 0:00
Ronalds Kenins 0 1 1 0 2 2 0 0 0 0 0/0 17:54 2:30 3:46
Steve Eminger 0 0 0 -1 0 0 0 2 0 1 0/0 10:51 0:00 0:00
Tyler Cuma 0 0 0 -1 0 5 1 5 0 3 0/0 27:20 4:13 5:11
Wayne Simmonds 1 0 1 0 0 3 2 1 0 0 1/1 15:30 2:30 1:28
3 Stars
1 - Joel Edmundson (Col)
2 - Bryan Little (Col)
3 - Ilya Kovalchuk (Col)
Power Play
Avalanche - 1 on 5 Attempt(s) - 20.00%
Sharks - 0 on 3 Attempt(s) - 0.00%
Penalty Kill
Avalanche - 3 on 3 Attempt(s) - 100.00%
- Score 0 goal in Penalty Kill
Sharks - 4 on 5 Attempt(s) - 80.00%
- Score 0 goal in Penalty Kill
Team Stat
Avalanche - Hits : 24 - Faceoff Wins : 37 - Blocked Shots : 10 - Penalty Minutes : 6
Sharks - Hits : 14 - Faceoff Wins : 27 - Blocked Shots : 12 - Penalty Minutes : 10
Official
Referees : Michael Markovic and Eric Furlatt
Linesman : Matt MacPherson and Derek Amell
Game Notes
Anders Lindback enters game at 0:22 of 3rd period
Finance
Level 1 -- Attendance: 5497 (91.62%) -- Ticket Income $549,700
Level 2 -- Attendance: 4751 (95.02%) -- Ticket Income $285,060
Level 3 -- Attendance: 1980 (99.00%) -- Ticket Income $69,300
Level 4 -- Attendance: 4000 (100.00%) -- Ticket Income $100,000
Luxury Box -- Attendance: 976 (97.60%) -- Ticket Income $195,200
Game was played at the SAP Center.
Total Attendance: 17204 (95.58%)
Total Ticket Income: $1,199,260
Other Income: $179,889
Total Income: $1,379,149
Avalanche
5 vs 5 Forward
Center Left Wing Right Wing Time % Phy DF OF
1 Bryan Little Mikkel Boedker Ilya Kovalchuk 35 1 2 2
2 Charlie Coyle James Van Riemsdyk Evgeny Dadonov 30 1 2 2
3 Vincent Trocheck Tomas Fleischmann Pavel Buchnevich 20 1 2 2
4 Kyle Turris Martin Samuelsson Luke Witkowski 15 1 2 2
5 vs 5 Defense
Defense Defense Time % Phy DF OF
1 Jack Johnson Erik Karlsson 35 1 2 2
2 Mattias Ekholm Marc Staal 35 1 2 2
3 Colten Teubert Joel Edmundson 30 1 2 2
4 Jack Johnson Marc Staal 0 1 2 2
PowerPlay Forward
Center Left Wing Right Wing Time % Phy DF OF
1 Bryan Little Mikkel Boedker Ilya Kovalchuk 60 1 2 2
2 Charlie Coyle James Van Riemsdyk Evgeny Dadonov 40 1 2 2
PowerPlay Defense
Defense Defense Time % Phy DF OF
1 Jack Johnson Erik Karlsson 60 1 2 2
2 Colten Teubert Mattias Ekholm 40 1 2 2
Penalty Kill 4 Players Forward
Center Wing Time % Phy DF OF
1 Charlie Coyle Luke Witkowski 60 1 2 2
2 Kyle Turris Martin Samuelsson 40 1 2 2
Penalty Kill 4 Players Defense
Defense Defense Time % Phy DF OF
1 Jack Johnson Marc Staal 60 1 2 2
2 Colten Teubert Mattias Ekholm 40 1 2 2
Penalty Kill - 3 Players Forward
Forward Time % Phy DF OF
1 Mikkel Boedker 60 1 2 2
2 Bryan Little 40 1 2 2
Penalty Kill - 3 Players Defense
Defense Defense Time % Phy DF OF
1 Jack Johnson Marc Staal 60 1 2 2
2 Erik Karlsson Mattias Ekholm 40 1 2 2
4 vs 4 Forward
Center Wing Time % Phy DF OF
1 Mikkel Boedker Bryan Little 60 1 2 2
2 Ilya Kovalchuk Charlie Coyle 40 1 2 2
4 vs 4 Defense
Defense Defense Time % Phy DF OF
1 Jack Johnson Marc Staal 60 1 2 2
2 Erik Karlsson Mattias Ekholm 40 1 2 2
Last Minutes Offensive
Center Left Wing Right Wing Defense Defense
Bryan Little Mikkel Boedker Ilya Kovalchuk Jack Johnson Marc Staal
Last Minutes Defensive
Center Left Wing Right Wing Defense Defense
Bryan Little Mikkel Boedker Ilya Kovalchuk Jack Johnson Marc Staal
Goaltenders
Starting : Cam Ward
Backup : Semyon Varlamov
Extra Forwards
Normal : Luke Witkowski, James Van Riemsdyk, Vincent Trocheck - PP : Luke Witkowski, James Van Riemsdyk - PK : Vincent Trocheck
Extra Defensemen
Normal : Colten Teubert, Joel Edmundson, Erik Karlsson - PP : Colten Teubert - PK : Joel Edmundson, Erik Karlsson
Penalty Shots
Mikkel Boedker, Bryan Little, Ilya Kovalchuk, Charlie Coyle, Evgeny Dadonov
Scratches
Patric Hornqvist (Healthy)
Sharks
5 vs 5 Forward
Center Left Wing Right Wing Time % Phy DF OF
1 Brandon Dubinsky David Booth Ben Smith 40 1 2 2
2 Boone Jenner Ronalds Kenins Wayne Simmonds 30 1 2 2
3 Oscar Sundqvist Jiri Tlusty Oskar Osala 20 1 2 2
4 Luke Adam Gustav Nyquist Bobby Butler 10 1 2 2
5 vs 5 Defense
Defense Defense Time % Phy DF OF
1 Tyler Cuma Mike Lundin 40 1 2 2
2 Ben Lovejoy Brandon Gormley 30 1 2 2
3 Karl Alzner Steve Eminger 20 1 2 2
4 Ben Lovejoy Mike Lundin 10 1 2 2
PowerPlay Forward
Center Left Wing Right Wing Time % Phy DF OF
1 Brandon Dubinsky David Booth Ben Smith 60 1 2 2
2 Oscar Sundqvist Ronalds Kenins Wayne Simmonds 40 1 2 2
PowerPlay Defense
Defense Defense Time % Phy DF OF
1 Tyler Cuma Mike Lundin 60 1 2 2
2 Karl Alzner Brandon Gormley 40 1 2 2
Penalty Kill 4 Players Forward
Center Wing Time % Phy DF OF
1 Ben Smith Ronalds Kenins 60 1 4 0
2 Boone Jenner Wayne Simmonds 40 1 4 0
Penalty Kill 4 Players Defense
Defense Defense Time % Phy DF OF
1 Tyler Cuma Mike Lundin 60 1 4 0
2 Ben Lovejoy Brandon Gormley 40 1 4 0
Penalty Kill - 3 Players Forward
Forward Time % Phy DF OF
1 Ben Smith 60 1 4 0
2 Wayne Simmonds 40 1 4 0
Penalty Kill - 3 Players Defense
Defense Defense Time % Phy DF OF
1 Tyler Cuma Mike Lundin 60 1 4 0
2 Ben Lovejoy Brandon Gormley 40 1 4 0
4 vs 4 Forward
Center Wing Time % Phy DF OF
1 Ben Smith Ronalds Kenins 60 1 2 2
2 Boone Jenner Wayne Simmonds 40 1 2 2
4 vs 4 Defense
Defense Defense Time % Phy DF OF
1 Tyler Cuma Mike Lundin 60 1 2 2
2 Ben Lovejoy Brandon Gormley 40 1 2 2
Last Minutes Offensive
Center Left Wing Right Wing Defense Defense
Brandon Dubinsky David Booth Ben Smith Tyler Cuma Mike Lundin
Last Minutes Defensive
Center Left Wing Right Wing Defense Defense
Brandon Dubinsky David Booth Ben Smith Ben Lovejoy Mike Lundin
Goaltenders
Starting : Philipp Grubauer
Backup : Anders Lindback
Extra Forwards
Normal : Boone Jenner, Jiri Tlusty, Gustav Nyquist - PP : Boone Jenner, Jiri Tlusty - PK : Gustav Nyquist
Extra Defensemen
Normal : Karl Alzner, Brandon Gormley, Ben Lovejoy - PP : Karl Alzner - PK : Karl Alzner, Ben Lovejoy
Penalty Shots
Ben Smith, Luke Adam, David Booth, Wayne Simmonds, Oskar Osala
Scratches
Alexander Steen (Healthy), Brayden McNabb (Healthy), Dion Phaneuf (Broken Right Foot Toe Injury), Zach Boychuk (Healthy)
% Time on Ice - Avalanche
Lines # - Real PCT - Wanted PCT - Time Play
Normal Forward
1 - 31% - 35% - 14:14
2 - 25% - 30% - 11:29
3 - 25% - 20% - 11:12
4 - 19% - 15% - 8:36
Normal Defense
1 - 31% - 35% - 14:14
2 - 35% - 35% - 15:58
3 - 28% - 30% - 12:33
4 - 6% - 0% - 2:46
PP Forward
1 - 56% - 60% - 4:45
2 - 44% - 40% - 3:47
PP Defense
1 - 64% - 60% - 5:28
2 - 36% - 40% - 3:04
PK Forward
1 - 70% - 60% - 4:10
2 - 30% - 40% - 1:47
PK Defense
1 - 73% - 60% - 4:21
2 - 27% - 40% - 1:36
PK3 Forward
1 - 0% - 60%
2 - 0% - 40%
PK3 Defense
1 - 0% - 60%
2 - 0% - 40%
44 Forward
1 - 0% - 60%
2 - 0% - 40%
44 Defense
1 - 0% - 60%
2 - 0% - 40%
Last Minute Offensive - 0:00
Last Minute Defensive - 0:00
Total
Forward - 60:00
Defense - 60:00
|
% Time on Ice - Sharks
Lines # - Real PCT - Wanted PCT - Time Play
Normal Forward
1 - 34% - 40% - 15:29
2 - 25% - 30% - 11:32
3 - 26% - 20% - 11:58
4 - 14% - 10% - 6:32
Normal Defense
1 - 41% - 40% - 18:33
2 - 32% - 30% - 14:44
3 - 24% - 20% - 10:51
4 - 3% - 10% - 1:23
PP Forward
1 - 58% - 60% - 3:27
2 - 42% - 40% - 2:30
PP Defense
1 - 71% - 60% - 4:13
2 - 29% - 40% - 1:44
PK Forward
1 - 83% - 60% - 7:04
2 - 17% - 40% - 1:28
PK Defense
1 - 63% - 60% - 5:22
2 - 37% - 40% - 3:10
PK3 Forward
1 - 0% - 60%
2 - 0% - 40%
PK3 Defense
1 - 0% - 60%
2 - 0% - 40%
44 Forward
1 - 0% - 60%
2 - 0% - 40%
44 Defense
1 - 0% - 60%
2 - 0% - 40%
Last Minute Offensive - 0:00
Last Minute Defensive - 0:00
Total
Forward - 60:00
Defense - 60:00
|
Play-by-Play
1st period
0:01 of 1st period - Brandon Dubinsky wins face-off versus Bryan Little in neutral zone.
0:16 of 1st period - Snap shot by Ben Smith.
0:16 of 1st period - Stopped by Cam Ward with a rebound.
1:10 of 1st period - Slapshot by Kyle Turris.
1:10 of 1st period - Stopped by Philipp Grubauer without a rebound.
1:11 of 1st period - Luke Adam wins face-off versus Kyle Turris in Sharks zone.
1:28 of 1st period - Slapshot by Gustav Nyquist.
1:28 of 1st period - Shot Blocked by Mattias Ekholm.
1:30 of 1st period - Slapshot by Karl Alzner.
1:30 of 1st period - Stopped by Cam Ward with a rebound.
1:40 of 1st period - Slapshot by Gustav Nyquist.
1:40 of 1st period - Shot Misses the Net.
2:14 of 1st period - Slapshot by Mike Lundin.
2:14 of 1st period - Deflect By Luke Witkowski.
2:14 of 1st period - Stopped by Cam Ward without a rebound.
2:15 of 1st period - David Booth wins face-off versus Bryan Little in Avalanche zone.
2:42 of 1st period - Colten Teubert is hit by Oskar Osala and loses puck.
2:47 of 1st period - Wrist shot by Jiri Tlusty.
2:47 of 1st period - Shot Blocked by Colten Teubert.
2:49 of 1st period - Wrist shot by Oscar Sundqvist.
2:49 of 1st period - Shot Blocked by Charlie Coyle.
3:07 of 1st period - Snap shot by Pavel Buchnevich.
3:07 of 1st period - Shot Blocked by Wayne Simmonds.
3:38 of 1st period - Off-side.
3:39 of 1st period - Oscar Sundqvist wins face-off versus Charlie Coyle in neutral zone.
3:53 of 1st period - Mattias Ekholm is hit by Oskar Osala and loses puck.
4:13 of 1st period - Snap shot by Ben Smith.
4:13 of 1st period - Shot Misses the Net.
4:15 of 1st period - Slapshot by Karl Alzner.
4:15 of 1st period - Shot Misses the Net.
4:55 of 1st period - Ben Lovejoy is hit by Luke Witkowski and loses puck.
5:32 of 1st period - Slapshot by Wayne Simmonds.
5:32 of 1st period - Shot Misses the Net.
5:53 of 1st period - Wrist shot by Gustav Nyquist.
5:53 of 1st period - Stopped by Cam Ward with a rebound.
6:51 of 1st period - Wrist shot by Wayne Simmonds.
6:51 of 1st period - Shot Blocked by Charlie Coyle.
7:33 of 1st period - Wrist shot by Ben Smith.
7:33 of 1st period - Stopped by Cam Ward without a rebound.
7:34 of 1st period - Boone Jenner wins face-off versus Bryan Little in Avalanche zone.
7:41 of 1st period - Snap shot by Wayne Simmonds.
7:41 of 1st period - Goal by Wayne Simmonds - Avalanche : 0 - Sharks : 1.
7:42 of 1st period - Brandon Dubinsky wins face-off versus Bryan Little in neutral zone.
7:55 of 1st period - Minor Penalty to Mattias Ekholm for Hooking.
7:56 of 1st period - Ben Smith wins face-off versus Charlie Coyle in Avalanche zone.
7:58 of 1st period - Snap shot by Brandon Dubinsky.
7:58 of 1st period - Shot Misses the Net.
8:25 of 1st period - Icing by Tyler Cuma.
8:26 of 1st period - Charlie Coyle wins face-off versus Oscar Sundqvist in Sharks zone.
8:39 of 1st period - Snap shot by Ben Smith.
8:39 of 1st period - Shot Misses the Net.
8:41 of 1st period - Slapshot by David Booth.
8:41 of 1st period - Stopped by Cam Ward with a rebound.
8:43 of 1st period - Slapshot by Ben Smith.
8:43 of 1st period - Stopped by Cam Ward without a rebound.
8:44 of 1st period - Brandon Dubinsky wins face-off versus Kyle Turris in Avalanche zone.
8:53 of 1st period - Slapshot by Brandon Dubinsky.
8:53 of 1st period - Shot Blocked by Marc Staal.
8:55 of 1st period - Slapshot by Tyler Cuma.
8:55 of 1st period - Deflect By Jack Johnson.
8:55 of 1st period - Stopped by Cam Ward with a rebound.
8:57 of 1st period - Slapshot by Mike Lundin.
8:57 of 1st period - Stopped by Cam Ward without a rebound.
8:58 of 1st period - Charlie Coyle wins face-off versus Brandon Dubinsky in Avalanche zone.
9:29 of 1st period - Marc Staal is hit by Oscar Sundqvist and loses puck.
9:55 of 1st period - Penalty to Mattias Ekholm is over, Mattias Ekholm is back on ice.
10:04 of 1st period - Snap shot by Ronalds Kenins.
10:04 of 1st period - Stopped by Cam Ward with a rebound.
10:14 of 1st period - Backhand shot by Wayne Simmonds.
10:14 of 1st period - Stopped by Cam Ward with a rebound.
10:28 of 1st period - Snap shot by Wayne Simmonds.
10:28 of 1st period - Stopped by Cam Ward without a rebound.
10:29 of 1st period - Bryan Little wins face-off versus Brandon Dubinsky in Avalanche zone.
10:31 of 1st period - Icing by Mikkel Boedker.
10:32 of 1st period - Brandon Dubinsky wins face-off versus Bryan Little in Avalanche zone.
10:39 of 1st period - Brandon Gormley is hit by Mikkel Boedker and loses puck.
10:57 of 1st period - Icing by Brandon Dubinsky.
10:58 of 1st period - Luke Adam wins face-off versus Charlie Coyle in Sharks zone.
11:45 of 1st period - Ronalds Kenins is hit by Vincent Trocheck and loses puck.
11:50 of 1st period - Slapshot by Pavel Buchnevich.
11:50 of 1st period - Stopped by Philipp Grubauer with a rebound.
11:52 of 1st period - Snap shot by Pavel Buchnevich.
11:52 of 1st period - Goal by Pavel Buchnevich - Avalanche : 1 - Sharks : 1.
11:53 of 1st period - Bryan Little wins face-off versus Brandon Dubinsky in neutral zone.
12:19 of 1st period - Ronalds Kenins is hit by Marc Staal and loses puck.
12:40 of 1st period - Slapshot by Marc Staal.
12:40 of 1st period - Stopped by Philipp Grubauer with a rebound.
12:42 of 1st period - Wrist shot by Marc Staal.
12:42 of 1st period - Shot Misses the Net.
12:44 of 1st period - Slapshot by Marc Staal.
12:44 of 1st period - Shot Blocked by Brandon Gormley.
12:46 of 1st period - Slapshot by Marc Staal.
12:46 of 1st period - Stopped by Philipp Grubauer without a rebound.
12:47 of 1st period - Bryan Little wins face-off versus Brandon Dubinsky in Sharks zone.
12:58 of 1st period - Ilya Kovalchuk is hit by David Booth.
13:22 of 1st period - Off-side.
13:23 of 1st period - Boone Jenner wins face-off versus Evgeny Dadonov in neutral zone.
14:03 of 1st period - Snap shot by Boone Jenner.
14:03 of 1st period - Deflect By Wayne Simmonds.
14:03 of 1st period - Shot Blocked by Jack Johnson.
14:03 of 1st period - Puck is out of play.
14:04 of 1st period - Bryan Little wins face-off versus Brandon Dubinsky in Avalanche zone.
14:17 of 1st period - Snap shot by Mikkel Boedker.
14:17 of 1st period - Shot Misses the Net.
14:31 of 1st period - Mike Lundin is hit by Pavel Buchnevich.
14:35 of 1st period - Slapshot by Ben Lovejoy.
14:35 of 1st period - Deflect By Oskar Osala.
14:35 of 1st period - Shot Blocked by Mattias Ekholm.
14:35 of 1st period - Puck is out of play.
14:36 of 1st period - Jiri Tlusty wins face-off versus Vincent Trocheck in Avalanche zone.
14:59 of 1st period - Icing by Colten Teubert.
15:00 of 1st period - Vincent Trocheck wins face-off versus Brandon Dubinsky in Avalanche zone.
15:33 of 1st period - Slapshot by Mike Lundin.
15:33 of 1st period - Stopped by Cam Ward with a rebound.
15:35 of 1st period - Snap shot by Wayne Simmonds.
15:35 of 1st period - Shot Misses the Net.
15:37 of 1st period - Snap shot by Ronalds Kenins.
15:37 of 1st period - Shot Misses the Net.
15:39 of 1st period - Slapshot by Ronalds Kenins.
15:39 of 1st period - Shot Blocked by Mattias Ekholm.
16:40 of 1st period - Snap shot by Bryan Little.
16:40 of 1st period - Stopped by Philipp Grubauer without a rebound.
16:41 of 1st period - Bryan Little wins face-off versus Boone Jenner in Sharks zone.
16:50 of 1st period - Slapshot by Wayne Simmonds.
16:50 of 1st period - Shot Misses the Net.
17:02 of 1st period - Snap shot by Bryan Little.
17:02 of 1st period - Deflect By Mikkel Boedker.
17:02 of 1st period - Shot Misses the Net.
17:02 of 1st period - Puck is out of play.
17:03 of 1st period - Brandon Dubinsky wins face-off versus Charlie Coyle in Sharks zone.
17:41 of 1st period - Snap shot by Jiri Tlusty.
17:41 of 1st period - Shot Misses the Net.
17:43 of 1st period - Slapshot by Ben Lovejoy.
17:43 of 1st period - Deflect By Oskar Osala.
17:43 of 1st period - Goal by Oskar Osala - Avalanche : 1 - Sharks : 2.
17:44 of 1st period - Brandon Dubinsky wins face-off versus Bryan Little in neutral zone.
18:43 of 1st period - Snap shot by Boone Jenner.
18:43 of 1st period - Stopped by Cam Ward with a rebound.
18:58 of 1st period - Minor Penalty to Colten Teubert for Interference.
18:59 of 1st period - Brandon Dubinsky wins face-off versus Charlie Coyle in Avalanche zone.
19:38 of 1st period - Off-side.
19:39 of 1st period - Wayne Simmonds wins face-off versus Kyle Turris in neutral zone.
Goals for this period are 1 for Avalanche vs 2 for Sharks.
Shots for this period are 6 for Avalanche vs 16 for Sharks.
2nd period
0:01 of 2nd period - Ben Smith wins face-off versus Charlie Coyle in neutral zone.
0:10 of 2nd period - Snap shot by Ben Smith.
0:10 of 2nd period - Shot Misses the Net.
0:58 of 2nd period - Penalty to Colten Teubert is over, Colten Teubert is back on ice.
1:00 of 2nd period - Brandon Gormley is hit by Charlie Coyle and loses puck.
1:39 of 2nd period - Snap shot by Oskar Osala.
1:39 of 2nd period - Shot Misses the Net.
1:41 of 2nd period - Wrist shot by Oskar Osala.
1:41 of 2nd period - Shot Blocked by Joel Edmundson.
2:07 of 2nd period - Ronalds Kenins is hit by Tomas Fleischmann and loses puck.
2:20 of 2nd period - Snap shot by Boone Jenner.
2:20 of 2nd period - Deflect By Wayne Simmonds.
2:20 of 2nd period - Shot Misses the Net.
2:20 of 2nd period - Puck is out of play.
2:21 of 2nd period - James Van Riemsdyk wins face-off versus Brandon Dubinsky in Avalanche zone.
2:40 of 2nd period - David Booth is hit by Evgeny Dadonov and loses puck.
2:51 of 2nd period - Slapshot by Ilya Kovalchuk.
2:51 of 2nd period - Stopped by Philipp Grubauer with a rebound.
2:53 of 2nd period - Snap shot by Mikkel Boedker.
2:53 of 2nd period - Shot Blocked by Oscar Sundqvist.
2:55 of 2nd period - Wrist shot by Jack Johnson.
2:55 of 2nd period - Shot Misses the Net.
2:57 of 2nd period - Wrist shot by Ilya Kovalchuk.
2:57 of 2nd period - Stopped by Philipp Grubauer with a rebound.
3:15 of 2nd period - Snap shot by Gustav Nyquist.
3:15 of 2nd period - Shot Misses the Net.
3:17 of 2nd period - Slapshot by Mike Lundin.
3:17 of 2nd period - Deflect By Gustav Nyquist.
3:17 of 2nd period - Shot Misses the Net.
3:17 of 2nd period - Puck is out of play.
3:18 of 2nd period - Brandon Dubinsky wins face-off versus Charlie Coyle in Avalanche zone.
3:33 of 2nd period - Wrist shot by Jack Johnson.
3:33 of 2nd period - Stopped by Philipp Grubauer without a rebound.
3:34 of 2nd period - Bryan Little wins face-off versus Boone Jenner in Sharks zone.
3:41 of 2nd period - Snap shot by Bryan Little.
3:41 of 2nd period - Shot Misses the Net.
3:43 of 2nd period - Slapshot by Erik Karlsson.
3:43 of 2nd period - Deflect By Ilya Kovalchuk.
3:43 of 2nd period - Stopped by Philipp Grubauer with a rebound.
3:45 of 2nd period - Slapshot by Jack Johnson.
3:45 of 2nd period - Shot Misses the Net.
5:34 of 2nd period - Minor Penalty to Evgeny Dadonov for Hooking.
5:35 of 2nd period - Charlie Coyle wins face-off versus Brandon Dubinsky in Avalanche zone.
5:47 of 2nd period - Slapshot by Luke Witkowski.
5:47 of 2nd period - Stopped by Philipp Grubauer without a rebound.
5:48 of 2nd period - David Booth wins face-off versus Charlie Coyle in Sharks zone.
6:15 of 2nd period - Kyle Turris is hit by Wayne Simmonds and loses puck.
7:34 of 2nd period - Penalty to Evgeny Dadonov is over, Evgeny Dadonov is back on ice.
7:40 of 2nd period - David Booth is hit by Charlie Coyle and loses puck.
8:01 of 2nd period - Mikkel Boedker is hit by Karl Alzner and loses puck.
9:19 of 2nd period - Luke Adam is hit by Vincent Trocheck and loses puck.
9:46 of 2nd period - Mike Lundin is hit by Bryan Little and loses puck.
10:03 of 2nd period - Slapshot by Jiri Tlusty.
10:03 of 2nd period - Shot Misses the Net.
10:05 of 2nd period - Wrist shot by Tyler Cuma.
10:05 of 2nd period - Stopped by Cam Ward without a rebound.
10:06 of 2nd period - Oscar Sundqvist wins face-off versus Kyle Turris in Avalanche zone.
10:07 of 2nd period - Snap shot by Jiri Tlusty.
10:07 of 2nd period - Stopped by Cam Ward without a rebound.
10:08 of 2nd period - Charlie Coyle wins face-off versus Oscar Sundqvist in Avalanche zone.
10:13 of 2nd period - Jiri Tlusty is hit by James Van Riemsdyk and loses puck.
10:25 of 2nd period - Icing by Brandon Gormley.
10:26 of 2nd period - Bryan Little wins face-off versus Oscar Sundqvist in Sharks zone.
10:45 of 2nd period - Marc Staal is hit by Oskar Osala and loses puck.
10:58 of 2nd period - Wrist shot by Mikkel Boedker.
10:58 of 2nd period - Shot Misses the Net.
11:00 of 2nd period - Wrist shot by Bryan Little.
11:00 of 2nd period - Stopped by Philipp Grubauer without a rebound.
11:01 of 2nd period - Evgeny Dadonov wins face-off versus Brandon Dubinsky in Sharks zone.
11:14 of 2nd period - Snap shot by Brandon Dubinsky.
11:14 of 2nd period - Stopped by Cam Ward without a rebound.
11:15 of 2nd period - Charlie Coyle wins face-off versus Brandon Dubinsky in Avalanche zone.
12:31 of 2nd period - Snap shot by Oscar Sundqvist.
12:31 of 2nd period - Shot Misses the Net.
12:39 of 2nd period - Wrist shot by Vincent Trocheck.
12:39 of 2nd period - Deflect By Tomas Fleischmann.
12:39 of 2nd period - Shot Misses the Net.
12:39 of 2nd period - Puck is out of play.
12:40 of 2nd period - Brandon Dubinsky wins face-off versus Charlie Coyle in Sharks zone.
13:32 of 2nd period - Snap shot by Martin Samuelsson.
13:32 of 2nd period - Shot Misses the Net.
13:34 of 2nd period - Slapshot by Joel Edmundson.
13:34 of 2nd period - Shot Misses the Net.
13:36 of 2nd period - Slapshot by Joel Edmundson.
13:36 of 2nd period - Goal by Joel Edmundson - Avalanche : 2 - Sharks : 2.
13:37 of 2nd period - Brandon Dubinsky wins face-off versus Charlie Coyle in neutral zone.
13:45 of 2nd period - Minor Penalty to Mike Lundin for Hooking.
13:46 of 2nd period - Bryan Little wins face-off versus Ben Smith in Sharks zone.
14:09 of 2nd period - Icing by Erik Karlsson.
14:10 of 2nd period - Ben Smith wins face-off versus Charlie Coyle in Avalanche zone.
14:21 of 2nd period - Snap shot by James Van Riemsdyk.
14:21 of 2nd period - Goal by James Van Riemsdyk - Avalanche : 3 - Sharks : 2.
14:22 of 2nd period - Charlie Coyle wins face-off versus Brandon Dubinsky in neutral zone.
14:31 of 2nd period - Wrist shot by Evgeny Dadonov.
14:31 of 2nd period - Shot Blocked by Tyler Cuma.
14:33 of 2nd period - Snap shot by Evgeny Dadonov.
14:33 of 2nd period - Deflect By Mike Lundin.
14:33 of 2nd period - Stopped by Philipp Grubauer with a rebound.
14:35 of 2nd period - Wrist shot by Jack Johnson.
14:35 of 2nd period - Stopped by Philipp Grubauer with a rebound.
14:39 of 2nd period - Wrist shot by James Van Riemsdyk.
14:39 of 2nd period - Shot Blocked by Tyler Cuma.
14:49 of 2nd period - Mike Lundin is hit by Tomas Fleischmann and loses puck.
14:56 of 2nd period - Jack Johnson is hit by Brandon Dubinsky and loses puck.
15:01 of 2nd period - Snap shot by Ben Smith.
15:01 of 2nd period - Stopped by Cam Ward without a rebound.
15:02 of 2nd period - Bryan Little wins face-off versus Boone Jenner in Avalanche zone.
15:27 of 2nd period - Karl Alzner is hit by Charlie Coyle and loses puck.
15:45 of 2nd period - Minor Penalty to Gustav Nyquist for High sticking.
15:46 of 2nd period - Bryan Little wins face-off versus Ben Smith in Sharks zone.
17:37 of 2nd period - Brandon Gormley is hit by Colten Teubert and loses puck.
17:45 of 2nd period - Penalty to Gustav Nyquist is over, Gustav Nyquist is back on ice.
17:58 of 2nd period - Colten Teubert is hit by Karl Alzner and loses puck.
18:23 of 2nd period - Slapshot by Vincent Trocheck.
18:23 of 2nd period - Shot Blocked by Steve Eminger.
19:05 of 2nd period - Ben Lovejoy is hit by Ilya Kovalchuk.
19:24 of 2nd period - Slapshot by Oskar Osala.
19:24 of 2nd period - Deflect By Jiri Tlusty.
19:24 of 2nd period - Shot Blocked by Colten Teubert.
19:24 of 2nd period - Puck is out of play.
19:25 of 2nd period - Oscar Sundqvist wins face-off versus Charlie Coyle in Avalanche zone.
19:28 of 2nd period - Snap shot by Oskar Osala.
19:28 of 2nd period - Stopped by Cam Ward with a rebound.
19:30 of 2nd period - Wrist shot by Oskar Osala.
19:30 of 2nd period - Stopped by Cam Ward with a rebound.
19:32 of 2nd period - Wrist shot by Oskar Osala.
19:32 of 2nd period - Stopped by Cam Ward with a rebound.
19:50 of 2nd period - Tyler Cuma is hit by Pavel Buchnevich.
Goals for this period are 2 for Avalanche vs 0 for Sharks.
Shots for this period are 10 for Avalanche vs 7 for Sharks.
3rd period
0:01 of 3rd period - Bryan Little wins face-off versus Brandon Dubinsky in neutral zone.
0:12 of 3rd period - Snap shot by Bryan Little.
0:12 of 3rd period - Stopped by Philipp Grubauer without a rebound.
0:13 of 3rd period - Bryan Little wins face-off versus Brandon Dubinsky in Sharks zone.
0:22 of 3rd period - Wrist shot by Bryan Little.
0:22 of 3rd period - Goal by Bryan Little - Avalanche : 4 - Sharks : 2.
0:22 of 3rd period - Anders Lindback enters game.
0:23 of 3rd period - Bryan Little wins face-off versus David Booth in neutral zone.
0:23 of 3rd period - Bryan Little is hit by Tyler Cuma.
0:35 of 3rd period - Slapshot by Tyler Cuma.
0:35 of 3rd period - Stopped by Cam Ward with a rebound.
0:37 of 3rd period - Snap shot by Brandon Dubinsky.
0:37 of 3rd period - Shot Misses the Net.
0:39 of 3rd period - Snap shot by David Booth.
0:39 of 3rd period - Shot Misses the Net.
1:16 of 3rd period - Brandon Gormley is hit by Martin Samuelsson and loses puck.
1:35 of 3rd period - Slapshot by Gustav Nyquist.
1:35 of 3rd period - Stopped by Cam Ward without a rebound.
1:36 of 3rd period - Vincent Trocheck wins face-off versus Brandon Dubinsky in Avalanche zone.
1:36 of 3rd period - Vincent Trocheck is hit by Brandon Dubinsky.
1:52 of 3rd period - Wrist shot by Brandon Dubinsky.
1:52 of 3rd period - Goal by Brandon Dubinsky - Avalanche : 4 - Sharks : 3.
1:53 of 3rd period - Bryan Little wins face-off versus Brandon Dubinsky in neutral zone.
2:02 of 3rd period - Snap shot by Bryan Little.
2:02 of 3rd period - Stopped by Anders Lindback with a rebound.
2:04 of 3rd period - Snap shot by Mikkel Boedker.
2:04 of 3rd period - Shot Blocked by Tyler Cuma.
2:06 of 3rd period - Slapshot by Erik Karlsson.
2:06 of 3rd period - Stopped by Anders Lindback without a rebound.
2:07 of 3rd period - Bryan Little wins face-off versus Brandon Dubinsky in Sharks zone.
2:08 of 3rd period - Snap shot by Mikkel Boedker.
2:08 of 3rd period - Stopped by Anders Lindback with a rebound.
2:10 of 3rd period - Slapshot by Erik Karlsson.
2:10 of 3rd period - Stopped by Anders Lindback with a rebound.
2:12 of 3rd period - Slapshot by Bryan Little.
2:12 of 3rd period - Deflect By Mikkel Boedker.
2:12 of 3rd period - Shot Blocked by Tyler Cuma.
2:12 of 3rd period - Puck is out of play.
2:13 of 3rd period - Brandon Dubinsky wins face-off versus Bryan Little in Sharks zone.
2:15 of 3rd period - Minor Penalty to Mike Lundin for Hooking.
2:16 of 3rd period - Bryan Little wins face-off versus Ben Smith in Sharks zone.
3:34 of 3rd period - Erik Karlsson is hit by Gustav Nyquist and loses puck.
4:15 of 3rd period - Penalty to Mike Lundin is over, Mike Lundin is back on ice.
4:31 of 3rd period - Jiri Tlusty is hit by Joel Edmundson and loses puck.
6:02 of 3rd period - Minor Penalty to Ronalds Kenins for Hooking.
6:03 of 3rd period - Bryan Little wins face-off versus Gustav Nyquist in Sharks zone.
6:38 of 3rd period - Slapshot by Evgeny Dadonov.
6:38 of 3rd period - Shot Misses the Net.
8:02 of 3rd period - Penalty to Ronalds Kenins is over, Ronalds Kenins is back on ice.
8:04 of 3rd period - Slapshot by Brandon Gormley.
8:04 of 3rd period - Stopped by Cam Ward with a rebound.
8:29 of 3rd period - Snap shot by Ronalds Kenins.
8:29 of 3rd period - Stopped by Cam Ward without a rebound.
8:30 of 3rd period - Kyle Turris wins face-off versus Oscar Sundqvist in Avalanche zone.
8:35 of 3rd period - Slapshot by Jack Johnson.
8:35 of 3rd period - Stopped by Anders Lindback without a rebound.
8:36 of 3rd period - Kyle Turris wins face-off versus Oscar Sundqvist in Sharks zone.
9:45 of 3rd period - Slapshot by Pavel Buchnevich.
9:45 of 3rd period - Deflect By Tomas Fleischmann.
9:45 of 3rd period - Shot Misses the Net.
9:45 of 3rd period - Puck is out of play.
9:46 of 3rd period - Vincent Trocheck wins face-off versus Brandon Dubinsky in Sharks zone.
9:51 of 3rd period - Snap shot by Tomas Fleischmann.
9:51 of 3rd period - Stopped by Anders Lindback with a rebound.
9:53 of 3rd period - Wrist shot by Vincent Trocheck.
9:53 of 3rd period - Deflect By Tomas Fleischmann.
9:53 of 3rd period - Stopped by Anders Lindback with a rebound.
11:21 of 3rd period - Off-side.
11:22 of 3rd period - Boone Jenner wins face-off versus Vincent Trocheck in neutral zone.
11:25 of 3rd period - Tomas Fleischmann is hit by Wayne Simmonds and loses puck.
11:58 of 3rd period - Snap shot by Charlie Coyle.
11:58 of 3rd period - Stopped by Anders Lindback with a rebound.
12:23 of 3rd period - Snap shot by Tyler Cuma.
12:23 of 3rd period - Deflect By Bryan Little.
12:23 of 3rd period - Stopped by Cam Ward with a rebound.
12:25 of 3rd period - Wrist shot by Tyler Cuma.
12:25 of 3rd period - Stopped by Cam Ward without a rebound.
12:26 of 3rd period - Vincent Trocheck wins face-off versus Brandon Dubinsky in Avalanche zone.
12:49 of 3rd period - Minor Penalty to Brandon Gormley for Holding.
12:50 of 3rd period - Bryan Little wins face-off versus Ben Smith in Sharks zone.
12:53 of 3rd period - Backhand shot by Bryan Little.
12:53 of 3rd period - Shot Blocked by Tyler Cuma.
13:03 of 3rd period - Slapshot by Bryan Little.
13:03 of 3rd period - Stopped by Anders Lindback without a rebound.
13:04 of 3rd period - Bryan Little wins face-off versus Ben Smith in Sharks zone.
14:49 of 3rd period - Penalty to Brandon Gormley is over, Brandon Gormley is back on ice.
15:02 of 3rd period - Snap shot by Brandon Gormley.
15:02 of 3rd period - Stopped by Cam Ward with a rebound.
15:09 of 3rd period - Icing by Tomas Fleischmann.
15:10 of 3rd period - Vincent Trocheck wins face-off versus Oscar Sundqvist in Avalanche zone.
15:17 of 3rd period - Oscar Sundqvist is hit by Mattias Ekholm and loses puck.
15:24 of 3rd period - Wrist shot by Vincent Trocheck.
15:24 of 3rd period - Shot Blocked by Steve Eminger.
15:26 of 3rd period - Wrist shot by Pavel Buchnevich.
15:26 of 3rd period - Stopped by Anders Lindback without a rebound.
15:27 of 3rd period - Kyle Turris wins face-off versus Brandon Dubinsky in Sharks zone.
15:36 of 3rd period - Wrist shot by Kyle Turris.
15:36 of 3rd period - Shot Blocked by Brandon Gormley.
16:41 of 3rd period - Snap shot by Pavel Buchnevich.
16:41 of 3rd period - Shot Misses the Net.
16:45 of 3rd period - Slapshot by Tomas Fleischmann.
16:45 of 3rd period - Stopped by Anders Lindback without a rebound.
16:46 of 3rd period - Brandon Dubinsky wins face-off versus Vincent Trocheck in Sharks zone.
16:46 of 3rd period - Brandon Dubinsky is hit by Vincent Trocheck.
17:12 of 3rd period - Steve Eminger is hit by Kyle Turris and loses puck.
18:30 of 3rd period - Brandon Gormley is hit by Vincent Trocheck and loses puck.
18:47 of 3rd period - Slapshot by Bryan Little.
18:47 of 3rd period - Stopped by Anders Lindback with a rebound.
18:49 of 3rd period - Snap shot by Marc Staal.
18:49 of 3rd period - Shot Blocked by David Booth.
18:51 of 3rd period - Snap shot by Ilya Kovalchuk.
18:51 of 3rd period - Goal by Ilya Kovalchuk - Avalanche : 5 - Sharks : 3.
18:52 of 3rd period - Kyle Turris wins face-off versus Oscar Sundqvist in neutral zone.
18:52 of 3rd period - Erik Karlsson is hit by Brandon Gormley and loses puck.
19:01 of 3rd period - Ben Lovejoy is hit by Kyle Turris and loses puck.
19:29 of 3rd period - Snap shot by Luke Witkowski.
19:29 of 3rd period - Shot Misses the Net.
19:44 of 3rd period - Snap shot by Oskar Osala.
19:44 of 3rd period - Stopped by Cam Ward without a rebound.
19:45 of 3rd period - Tomas Fleischmann wins face-off versus Luke Adam in Avalanche zone.
Goals for this period are 2 for Avalanche vs 1 for Sharks.
Shots for this period are 15 for Avalanche vs 9 for Sharks.